 Dungeon Crawl Stone Soup version 0.28-a0-938-gbc3f381ebc (webtiles) character file.

Game seed: 4854237886617897544

65 derath95 the Digger (level 4, -2/24 HPs)
             Began as a Gargoyle Earth Elementalist on Nov 29, 2021.
             Slain by a wyvern zombie (3 damage)
             ... on level 5 of the Dungeon.
             The game lasted 00:06:06 (2395 turns).

derath95 the Digger (Gargoyle Earth Elementalist)   Turns: 2395, Time: 00:06:06

Health: -2/24      AC:  5    Str: 11    XL:     4   Next: 14%
Magic:  2/8        EV: 11    Int: 17    God:
Gold:   55         SH:  0    Dex: 10    Spells: 8/9 levels left

rFire   . . .      SeeInvis .   d - +0 short sword
rCold   . . .      Faith    .   (no shield)
rNeg    + . .      Spirit   .   b - +0 robe
rPois   ∞          Reflect  .   (no helmet)
rElec   +          Harm     .   (no cloak)
rCorr   .          Rampage  .   (no gloves)
Will    .....                   (no boots)
Stlth   ++........              (no amulet)
HPRegen 0.08/turn               (no ring)
MPRegen 0.11/turn               (no ring)

@: no status effects
A: sickness immunity, AC +3, negative energy resistance 1, electricity
resistance, torment resistance 1, petrification resistance
a: no special abilities


You were on level 5 of the Dungeon.
You visited 1 branch of the dungeon, and saw 4 of its levels.

You collected 55 gold pieces.

Inventory:

Hand Weapons
 d - a +0 short sword (weapon)
Missiles
 c - 60 stones
Armour
 b - a +0 robe (worn)
Scrolls
 e - 4 scrolls of identify {unknown}
 f - a scroll of noise {unknown}
 h - a scroll of enchant weapon {unknown}
 i - a scroll of torment {unknown}
 j - a scroll of fear {unknown}
 l - a scroll of teleportation {unknown}
Potions
 a - 2 potions of curing {unknown}
 g - 2 potions of heal wounds {unknown}
 k - a potion of might {unknown}


   Skills:
 - Level 1.5 Dodging
 - Level 2.1 Stealth
 - Level 0.4 Unarmed Combat
 + Level 3.1 Spellcasting
 - Level 0.7 Transmutations
 + Level 4.7 Earth Magic


You had 8 spell levels left.
You knew the following spells:

 Your Spells              Type           Power      Damage    Failure   Level
a - Sandblast             Erth           36%        2d10      2%          1

Your spell library contained the following spells:

 Spells                   Type           Power      Damage    Failure   Level
 Passwall                 Tmut/Erth      10%        N/A       9%          2
 Stone Arrow              Conj/Erth      20%        3d8       19%         3
 Corpse Rot               Necr/Air       4%         N/A       26%         2
 Petrify                  Tmut/Erth      12%        N/A       50%         4
 Dispel Undead            Necr           2%         3d7       86%         4
 Death Channel            Necr           1%         N/A       100%        6


Dungeon Overview and Level Annotations

Branches:
Dungeon (3/15)

Altars:

Shops:
D:1 [


Innate Abilities, Weirdness & Mutations

You are immune to sickness and miasma.
Your stone body is resilient. (AC +3)
You are immune to poison.
You resist negative energy. (rN+)
You are resistant to electric shocks. (rElec)
You are resistant to unholy torment.
You are immune to petrification.


Message History

Casting: Sandblast (safe; 2% risk of failure)
Confirm with . or Enter, or press ? or * to list all spells.
Aiming: Sandblast (safe; 2% risk of failure)
Press: ? - help, Shift-Dir - straight line, f/p - hound zombie
Aim: a hound zombie (85% to hit)
The blast of sand hits the wyvern zombie!
The wyvern zombie is lightly damaged.
The wyvern zombie closely misses you.
Casting: Sandblast (safe; 2% risk of failure)
Confirm with . or Enter, or press ? or * to list all spells.
Aiming: Sandblast (safe; 2% risk of failure)
Press: ? - help, Shift-Dir - straight line, f/p - hound zombie
Aim: a hound zombie (85% to hit)
The blast of sand hits the wyvern zombie.
The wyvern zombie is moderately damaged.
The wyvern zombie bites you!
Casting: Sandblast (safe; 2% risk of failure)
Confirm with . or Enter, or press ? or * to list all spells.
You don't know that spell.
Unknown command.
Casting: Sandblast (safe; 2% risk of failure)
Confirm with . or Enter, or press ? or * to list all spells.
Aiming: Sandblast (safe; 2% risk of failure)
Press: ? - help, Shift-Dir - straight line, f/p - hound zombie
Aim: a hound zombie (85% to hit)
The blast of sand hits the wyvern zombie.
The wyvern zombie is moderately damaged.
The wyvern zombie bites you but does no damage.
Casting: Sandblast (safe; 2% risk of failure)
Confirm with . or Enter, or press ? or * to list all spells.
Aiming: Sandblast (safe; 2% risk of failure)
Press: ? - help, Shift-Dir - straight line, f/p - hound zombie
Aim: a hound zombie (85% to hit)
The blast of sand hits the wyvern zombie.
The wyvern zombie is moderately damaged.
The wyvern zombie bites you!
Ouch! That really hurt!
* * * LOW HITPOINT WARNING * * *
The wyvern zombie bites you.
You die...

#......#
#..8..##
#......
#.....#
#.# #.#
#Z#
#Z##.####
#@.......
####.....
##..


You could see a hound zombie and a wyvern zombie.

Vanquished Creatures
  An adder (D:3)
  3 dart slugs (D:1)
  4 bats
  4 endoplasms
  A giant cockroach (D:2)
  5 goblins
  4 hobgoblins
  4 jackals
  7 kobolds
  A quokka (D:1)
  4 ball pythons
  3 frilled lizards
  5 rats
46 creatures vanquished.

Vanquished Creatures (others)
  7 toadstools (D:1)
7 creatures vanquished.

Grand Total: 53 creatures vanquished

Notes
Turn   | Place    | Note
-------+----------+-------------------------------------------
     0 | D:1      | derath95 the Gargoyle Earth Elementalist began the quest
                  | for the Orb.
     0 | D:1      | Reached XP level 1. HP: 10/10 MP: 3/3
    91 | D:1      | Found Fezxy's Armour Boutique.
   250 | D:1      | Reached XP level 2. HP: 9/15 MP: 5/5
   425 | D:1      | Reached skill level 4 in Earth Magic
   626 | D:1      | Found a faded altar of an unknown god.
  1123 | D:1      | Reached XP level 3. HP: 19/19 MP: 4/6
  2348 | D:3      | Reached XP level 4. HP: 21/24 MP: 8/8
  2383 | D:3      | Noticed an ogre
  2385 | D:3      | Noticed an ogre
  2385 | D:5      | Entered Level 5 of the Dungeon
  2395 | D:5      | HP: 1/24 [wyvern zombie (13)]
  2395 | D:5      | Slain by a wyvern zombie

Illustrated notes

Levels and vault maps discovered:
D:1:      nagdon_arrival_double_spiral, layout_basic,
          ebering_ecumenical_altar_rust, serial_shops,
          nicolae_shop_advertising_works [nicolae_subvault_shop_adworks],
          minmay_misc_feat_doors, kennysheep_decorative_pillar, minmay_domino_4
D:2:      layout_basic, minmay_cupped
D:3:      layout_loops_ring, uniq_jessica
D:5:      layout_loops_ring, serial_undead, serial_undead_d, serial_undead_c,
          serial_undead_c, serial_undead_d, hangedman_decor_riveting

Skill      XL: |  1  2  3 |
---------------+----------+-----
Earth Magic    | 4 |  4.7
Spellcasting   | 3 |  3.1
Dodging        | |  1.5
Stealth        | |  2.1
Unarmed Combat | |  0.4
Transmutations | |  0.7

Action                   |  1- 3 |  4- 6 || total
-------------------------+-------+-------++-------
Melee: Unarmed           |    15 |       ||    15
       Short sword       |    53 |     1 ||    54
 Cast: Sandblast         |    35 |     6 ||    41
 Stab: Sleeping          |     3 |       ||     3
Armor: Robe              |    28 |     1 ||    29
Dodge: Dodged            |    55 |     3 ||    58

Table legend: (Time is in decaauts)
 A = Elapsed time spent in this place.
 B = Non-inter-level travel time spent in this place.
 C = Inter-level travel time spent in this place.
 D = Time resting spent in this place.
 E = Time spent auto-exploring this place.
 F = Levels seen in this place.
 G = Mean time per level.
                   A        B        C        D        E       F      G
               +--------+--------+--------+--------+--------+-----+--------+
         Total |   2399 |   2337 |     62 |      0 |   1944 |   4 |  599.8 |
       Dungeon |   2399 |   2337 |     62 |      0 |   1944 |   4 |  599.8 |
               +--------+--------+--------+--------+--------+-----+--------+

Top non-repeatable levels by time:
     D:1: 1325 daAuts
     D:2: 969 daAuts
     D:3: 94 daAuts
     D:5: 9 daAuts
